 Dungeon Crawl Stone Soup version 0.29-a0-392-g297d3b089c (webtiles) character file.

Game seed: 7679121593341489358

12 Sabo the Caller (level 2, 0/19 HPs)
             Began as a Merfolk Summoner on May 8, 2022.
             Slain by a rat (3 damage)
             ... on level 1 of the Dungeon.
             The game lasted 00:05:15 (1232 turns).

Sabo the Caller (Merfolk Summoner)                  Turns: 1232, Time: 00:05:16

Health: 0/19       AC:  3    Str:  8    XL:     2   Next: 33%
Magic:  4/5        EV: 13    Int: 14    God:
Gold:   37         SH:  0    Dex: 14    Spells: 4/5 levels left

rFire   . . .      SeeInvis .   e - +0 trident
rCold   . . .      Faith    .   (no shield)
rNeg    . . .      Spirit   .   a - +0 robe
rPois   .          Reflect  .   c - +0 helmet
rElec   .          Harm     .   (no cloak)
rCorr   .          Rampage  .   (no gloves)
Will    .....                   (no boots)
Stlth   ++........              (no amulet)
HPRegen 0.06/turn               (no ring)
MPRegen 0.09/turn               (no ring)

@: no status effects
A: (nimble swimmer 2), mertail
a: no special abilities


You were on level 1 of the Dungeon.
You visited 1 branch of the dungeon, and saw 1 of its levels.

You collected 37 gold pieces.

Inventory:

Hand Weapons
 e - a +0 trident (weapon)
Armour
 a - a +0 robe (worn)
 c - a +0 helmet (worn)
Potions
 b - a potion of magic
 d - a potion of heal wounds {unknown}
 f - a potion of attraction {unknown}
 g - 2 potions of curing {unknown}


   Skills:
 + Level 2.9 Dodging
 + Level 2.1 Stealth
 + Level 0.4 Unarmed Combat
 + Level 2.0 Spellcasting
 + Level 4.3 Summonings


You had 4 spell levels left.
You knew the following spells:

 Your Spells              Type           Power      Damage    Failure   Level
a - Summon Small Mammal   Summ           52%        N/A       4%          1

Your spell library contained the following spells:

 Spells                   Type           Power      Damage    Failure   Level
 Call Imp                 Summ           13%        N/A       6%          2
 Call Canine Familiar     Summ           13%        N/A       12%         3
 Shock                    Conj/Air       4%         1d3       24%         1
 Summon Guardian Golem    Hex/Summ       7%         N/A       28%         3
 Swiftness                Air            1%         N/A       56%         3
 Summon Lightning Spire   Summ/Air       7%         N/A       67%         4
 Airstrike                Air            0%         N/A       93%         4


Dungeon Overview and Level Annotations

Branches:
Dungeon (1/15)

Altars:


Innate Abilities, Weirdness & Mutations

((You are very nimble when in or above water. (Stealth+, EV+, Speed+++)))
Your lower body shifts to a powerful aquatic tail in water.


Message History

The jackal closely misses you. The hobgoblin barely misses you.
The jackal completely misses you.
You see here a jackal corpse.
You hit the jackal.
You kill the jackal!
The hobgoblin hits you but does no damage.
You hit the frilled lizard but do no damage.
The hobgoblin closely misses you. The frilled lizard misses you. x2
The hobgoblin hits you.
You miss the frilled lizard. The frilled lizard closely misses you.
The hobgoblin closely misses you.
You miss the frilled lizard. The hobgoblin misses you.
The frilled lizard barely misses you.
You miss the frilled lizard. The hobgoblin closely misses you.
The frilled lizard barely misses you. The frilled lizard bites you.
The hobgoblin misses you.
You barely miss the frilled lizard.
The frilled lizard bites you but does no damage.
The hobgoblin closely misses you.
You miss the frilled lizard. The hobgoblin completely misses you.
The frilled lizard closely misses you.
You closely miss the frilled lizard. The hobgoblin hits you.
The frilled lizard bites you. The frilled lizard misses you.
The hobgoblin hits you but does no damage.
You hit the frilled lizard but do no damage.
The frilled lizard misses you. The hobgoblin closely misses you.
You closely miss the frilled lizard.
The frilled lizard completely misses you.
The hobgoblin closely misses you.
You barely miss the frilled lizard. The hobgoblin barely misses you.
The frilled lizard bites you.
You hit the frilled lizard.
You kill the frilled lizard!
The hobgoblin hits you. x2
* * * LOW HITPOINT WARNING * * *
The rat misses you.
Casting: Summon Small Mammal (safe; 4% risk of failure)
Confirm with . or Enter, or press ? or * to list all spells.
The rat bites you.
You die...

#.# .## .... ....#
.#.#.# #.#.. .
...... .... #
#.#.#.#.#.#.#.#
..............##
.#.#.#.#g#.#.#.# .
.......br@.....##
.
#.#.#.#.#.#.#.#.#
...............#
.#.#.#.#.#.#.#.#
.............##
#.#.#.#.#.#.#.#
?............##
#.#.#.#.#.#.#.#.#
................##


You could see a hobgoblin (ally target), a rat and a friendly bat (summoned).

Vanquished Creatures
  An endoplasm (D:1)
  A hobgoblin (D:1)
  2 jackals (D:1)
  A kobold (D:1)
  A ball python (D:1)
  3 bats (D:1)
  2 frilled lizards (D:1)
  A rat (D:1)
12 creatures vanquished.

Notes
Turn   | Place    | Note
-------+----------+-------------------------------------------
     0 | D:1      | Sabo the Merfolk Summoner began the quest for the Orb.
     0 | D:1      | Reached XP level 1. HP: 13/13 MP: 3/3
  1127 | D:1      | Reached XP level 2. HP: 18/19 MP: 5/5
  1232 | D:1      | Slain by a rat

Illustrated notes

Levels and vault maps discovered:
D:1:      minmay_arrival_open_corners, layout_loops_ring, chequers_jeans,
          hex_large, serial_bayou_crossing

Action                   || total
-------------------------++-------
Melee: Unarmed           ||    23
       Trident           ||    38
       Tailslap          ||     4
 Cast: Summon Small Mamm ||     4
 Stab: Sleeping          ||     1
Armor: Robe              ||    32
Dodge: Dodged            ||    59

Table legend: (Time is in decaauts)
 A = Elapsed time spent in this place.
 B = Non-inter-level travel time spent in this place.
 C = Inter-level travel time spent in this place.
 D = Time resting spent in this place.
 E = Time spent auto-exploring this place.
 F = Levels seen in this place.
 G = Mean time per level.
                   A        B        C        D        E       F      G
               +--------+--------+--------+--------+--------+-----+--------+
         Total |   1231 |   1231 |      0 |    479 |      0 |   1 | 1231.0 |
       Dungeon |   1231 |   1231 |      0 |    479 |      0 |   1 | 1231.0 |
               +--------+--------+--------+--------+--------+-----+--------+

Top non-repeatable levels by time:
     D:1: 1231 daAuts
